AoeStats
← NAGA HITAM

Arena

504732696Analyzed
4v4 RM · 24d ago on Sep 6, 2026· 61m 14s· 8 players
Game mode
Random Map
Map size
Large (8 player)
Population
200
Speed
Normal
Resources
Standard
Victory
Conquest
Starting age
Dark Age
Ending age
Imperial Age
RankedLock teamsTeams togetherTeam positionsShared explorationLock speedFull tech treeHidden civsTurbo modeCheats
Victory
Defeat
🇮🇩 Malay · Indonesia
907
+13
🇪🇸 Huns · Spain
860
+15
🇩🇪 Italians · Germany
848
+16
🇳🇱 Britons · Netherlands
845
+16
🇨🇳 Bohemians · China
863
-16
🇨🇳 Khmer · China
828
-14
🇨🇳 Teutons · China
775
-18
Aihko05
3:16 Loom
3:47 Loom
13:15 Feudal Age
18:35 Castle Age
16:37 Horse Collar
17:36 Double-Bit Axe
17:54 Gold Mining
17:55 Stone Mining
19:57 Bow Saw
19:49 Heavy Plow
20:28 Wheelbarrow
22:44 Fervor
27:57 Gold Shaft Mining
27:52 Caravan
30:02 Hand Cart
34:48 Imperial Age
32:21 Husbandry
32:31 Bloodlines
33:57 Marauders
35:50 Conscription
34:54 Elite Tarkan
37:22 Forging
37:18 Scale Barding Armor
38:38 Fletching
39:25 Iron Casting
39:11 Chain Barding Armor
42:30 Blast Furnace
43:49 Plate Barding Armor
48:20 Cavalier
50:23 Ballistics
51:04 Chemistry
50:07 Padded Archer Armor
49:57 Fletching
53:08 Bodkin Arrow
53:28 Leather Archer Armor
54:07 Parthian Tactics
53:03 Heavy Cavalry Archer
57:25 Murder Holes
JewelerMaster
5:15 Loom
11:30 Feudal Age
12:05 Horse Collar
12:12 Double-Bit Axe
16:40 Stone Mining
19:40 Castle Age
17:33 Gold Mining
21:03 Bow Saw
20:49 Fletching
21:04 Padded Archer Armor
23:51 Bodkin Arrow
25:45 Padded Archer Armor
28:40 Imperial Age
26:47 Wheelbarrow
26:53 Wheelbarrow
27:03 Gold Shaft Mining
28:53 Hand Cart
29:25 Leather Archer Armor
29:29 Bracer
29:47 Leather Archer Armor
30:37 Ballistics
31:17 Chemistry
33:07 Heavy Plow
33:35 Elite Longbowman
34:06 Treadmill Crane
34:37 Masonry
34:40 Fortified Wall
36:28 Yeomen
39:58 Capped Ram
53:06 Arrowslits
53:17 Murder Holes
53:53 Architecture
56:35 Siege Engineers
56:39 Scale Barding Armor
56:45 Forging
57:05 Ring Archer Armor
58:33 Light Cavalry
59:14 Husbandry
61:10 Conscription
Finarfin
10:51 Feudal Age
11:28 Double-Bit Axe
11:36 Stone Mining
11:36 Gold Mining
12:54 Wheelbarrow
19:51 Castle Age
18:23 Horse Collar
20:48 Bow Saw
22:16 Hand Cart
25:58 Ballistics
25:49 Fortified Wall
27:41 Fletching
27:50 Guard Tower
31:01 Thumb Ring
30:56 Bodkin Arrow
30:45 Treadmill Crane
34:54 Imperial Age
35:11 Padded Archer Armor
34:56 Elite Genoese Crossbowman
36:20 Conscription
36:14 Bracer
36:29 Leather Archer Armor
37:25 Chemistry
39:02 Arrowslits
39:49 Ring Archer Armor
47:40 Two-Man Saw
46:43 Heavy Plow
47:49 Stone Shaft Mining
47:56 Bombard Tower
NAGA HITAM
9:15 Loom
11:05 Feudal Age
9:59 Loom
16:30 Castle Age
18:33 Double-Bit Axe
23:41 Bow Saw
28:33 Horse Collar
29:09 Forging
32:44 Imperial Age
30:50 Wheelbarrow
30:01 Town Watch
30:39 Thalassocracy
31:32 Iron Casting
31:34 Elite Karambit Warrior
33:38 Heavy Plow
34:01 Hand Cart
33:29 Capped Ram
36:36 Blast Furnace
36:31 Town Patrol
37:04 Crop Rotation
36:29 Gold Mining
36:30 Stone Mining
38:03 Forced Levy
General Brasch
10:51 Feudal Age
16:49 Castle Age
15:02 Double-Bit Axe
15:06 Horse Collar
18:32 Bow Saw
18:27 Heavy Plow
20:52 Fletching
21:49 Loom
25:50 Wheelbarrow
25:00 Town Watch
25:43 Fervor
28:09 Chemistry
27:30 Ballistics
26:57 Treadmill Crane
29:30 Hand Cart
29:58 Redemption
31:21 Bodkin Arrow
33:59 Imperial Age
32:44 Town Patrol
33:33 Wagenburg Tactics
35:21 Conscription
34:26 Houfnice
36:52 Two-Man Saw
35:21 Elite Skirmisher
36:10 Hussite Reforms
36:27 Block Printing
36:58 Siege Engineers
36:58 Crossbowman
37:51 Masonry
37:38 Murder Holes
39:23 Bracer
40:39 Padded Archer Armor
40:26 Arbalester
46:57 Guilds
46:48 Caravan
46:51 Squires
47:09 Leather Archer Armor
52:05 Ring Archer Armor
Exusiai
10:50 Feudal Age
12:09 Wheelbarrow
15:55 Double-Bit Axe
15:52 Horse Collar
19:35 Scale Mail Armor
19:41 Scale Barding Armor
19:47 Forging
22:01 Castle Age
20:08 Scale Mail Armor
24:29 Hand Cart
24:30 Gold Mining
24:33 Stone Mining
25:55 Bow Saw
33:37 Imperial Age
32:07 Ballistics
32:19 Chain Mail Armor
32:11 Scale Barding Armor
32:17 Forging
33:25 Heavy Plow
32:58 Pikeman
33:39 Squires
33:47 Halberdier
35:02 Crop Rotation
35:41 Two-Man Saw
37:29 Crenellations
37:39 Conscription
38:22 Iron Casting
38:18 Plate Mail Armor
38:02 Bloodlines
42:14 Blast Furnace
41:13 Elite Teutonic Knight
41:34 Capped Ram
49:47 Chain Barding Armor
51:43 Plate Barding Armor
50:33 Cavalier
52:38 Onager
53:16 Paladin
Mr.Bean
1:14 Loom
7:42 Loom
10:00 Feudal Age
10:29 Double-Bit Axe
10:34 Horse Collar
17:07 Castle Age
20:06 Bow Saw
21:33 Heavy Plow
23:08 Wheelbarrow
23:31 Gold Mining
23:36 Stone Mining
25:34 Hand Cart
26:46 Gold Shaft Mining
31:55 Imperial Age
32:45 Forging
32:43 Scale Barding Armor
32:39 Murder Holes
33:05 Ballistics
32:57 Masonry
33:44 Stone Shaft Mining
33:33 Town Watch
34:38 Iron Casting
34:24 Chain Barding Armor
33:56 Fletching
34:09 Scale Mail Armor
34:13 Husbandry
34:26 Bloodlines
33:38 Light Cavalry
34:28 Padded Archer Armor
34:56 Heavy Scorpion
36:57 Chemistry
36:30 Architecture
35:33 Cavalier
37:32 Double Crossbow
37:58 Conscription
41:10 Blast Furnace
40:47 Plate Barding Armor
40:08 Bodkin Arrow
41:50 Leather Archer Armor
44:58 Bracer
46:14 Pikeman
47:14 Chain Mail Armor
47:32 Halberdier
49:35 Elite Skirmisher
50:24 Hussar
53:20 Ring Archer Armor
55:00 Capped Ram
57:05 Siege Ram
B站-小伍长-玩战雷的弱智有点多...
10:21 Feudal Age
11:07 Double-Bit Axe
11:04 Horse Collar
16:55 Castle Age
17:04 Gold Mining
17:25 Loom
17:53 Bow Saw
17:46 Heavy Plow
21:16 Wheelbarrow
20:59 Town Watch
22:45 Stone Mining
27:09 Fortified Bastions
30:28 Scale Barding Armor
30:24 Padded Archer Armor
30:36 Forging
34:26 Imperial Age
32:26 Masonry
32:39 Ballistics
34:18 Siege Engineers
35:04 Chain Barding Armor
35:19 Iron Casting
35:00 Leather Archer Armor
35:45 Husbandry
35:56 Bloodlines
36:21 Thunderclap Bombs
36:32 Conscription
37:07 Gold Shaft Mining
36:25 Heavy Rocket Cart
41:04 Ring Archer Armor
41:10 Plate Barding Armor
41:36 Blast Furnace
46:24 Hoardings
48:55 Pikeman
49:36 Squires
52:03 Halberdier
53:30 Light Cavalry
54:53 Conscription
55:03 Scale Mail Armor
57:00 Chain Mail Armor
59:09 Gambesons
59:24 Fletching
61:08 Plate Barding Armor
60:17 Hussar
Connection lost

Rejoining the realm…

Still unreachable

The connection could not be restored.

Session expired

The server has moved on; the page needs a fresh start.